 Dungeon Crawl Stone Soup version 0.30-a0-696-g2367cd04db (webtiles) character file.

Game seed: 5310090804530655041

117 Newt the Trooper (level 4, 0/37 HPs)
             Began as a Demonspawn Gladiator on Jan 21, 2023.
             Was a Believer of Lugonu.
             Slain by an orc
             ... wielding a +1 mace of protection
              (6 damage)
             ... on level 2 of the Dungeon.
             The game lasted 00:01:54 (1839 turns).

Newt the Trooper (Demonspawn Gladiator)             Turns: 1839, Time: 00:01:54

Health: 0/37       AC:  6    Str: 21    XL:     4   Next: 71%
Magic:  4/4        EV: 12    Int: 15    God:    Lugonu [**....]
Gold:   83         SH:  0    Dex: 15    Spells: 3/3 levels left

rFire   . . .      SeeInvis .    a - +1 rapier
rCold   . . .      Faith    .    (no shield)
rNeg    . . .      Spirit   .    r - +1 leather armour of Dogmatism {-Cast Will++ Str+5}
rPois   .          Reflect  .    c - +0 helmet
rElec   .          Harm     .    s - +0 cloak
rCorr   +          Rampage  .    (no gloves)
Will    ++...      NoCast   +    (no boots)
Stlth   ++                       (no amulet)
HPRegen 0.26/turn                m - +6 ring of intelligence
MPRegen 0.09/turn                h - ring of resist corrosion

@: no status effects
A: ignite blood 1, weakness stinger 1
a: Renounce Religion, Depart the Abyss, Banish


You were on level 2 of the Dungeon.
You worshipped Lugonu.
Lugonu was pleased with you.
You visited 1 branch of the dungeon, and saw 2 of its levels.

You collected 83 gold pieces.

Inventory:

Hand Weapons
 a - a +1 rapier (weapon)
Armour
 b - a +0 leather armour
 c - a +0 helmet (worn)
 r - the +1 leather armour of Dogmatism (worn) {-Cast Will++ Str+5}
   (You found it on level 2 of the Dungeon)

   Str:       It affects your strength (+5).
   -Cast:     It prevents spellcasting.
   Will:      It greatly increases your willpower.
 s - a +0 cloak (worn)
Jewellery
 h - a ring of resist corrosion (right hand)
 m - a +6 ring of intelligence (left hand)
Scrolls
 g - a scroll of teleportation
 k - a scroll of poison {unknown}
 n - a scroll of fear {unknown}
 q - a scroll of noise {unknown}
 t - a scroll of identify {unknown}
Potions
 f - a potion of cancellation {unknown}
 i - a potion of lignification {unknown}
 j - a potion of flight {unknown}
 l - 2 potions of heal wounds {unknown}
 o - a potion of ambrosia {unknown}
 p - 2 potions of resistance {unknown}


   Skills:
 + Level 3.8 Fighting
 - Level 2.6 Short Blades
 - Level 1.7 Throwing
 - Level 2.6 Dodging
 - Level 3.0 Stealth


You had 3 spell levels left.
You didn't know any spells.
Your spell library contained the following spells:

 Spells                   Type           Power      Damage    Failure   Level
 Hailstorm                Conj/Ice       0%         3d3       67%         3
 Ice Form                 Ice/Tmut       0%         N/A       97%         4
 Simulacrum               Ice/Necr       0%         N/A       100%        6


Dungeon Overview and Level Annotations

Branches:
Dungeon (2/15)

Altars:
Lugonu


Innate Abilities, Weirdness & Mutations

Your demonic aura sometimes causes spilled blood to erupt in flames.
You have a small tail.


Message History

You throw a throwing net. The throwing net hits the orc.
The orc is caught in the net!
The orc struggles against the net.
The orc closely misses you.
You barely miss the orc.
The orc is almost dead.
The orc hits you but does no damage.
The orc struggles against the net.
You hit the orc but do no damage.
The orc is almost dead.
The orc struggles against the net.
The orc barely misses you.
You closely miss the orc.
Your tail-slap misses the orc.
The orc is almost dead.
The orc struggles against the net.
The orc closely misses you.
You hit the orc but do no damage.
The orc is almost dead.
The orc hits you with a +0 short sword.
The orc struggles against the net.
You hit the orc.
You kill the orc!
Lugonu accepts your kill.
The orc struggles against the net.
The net rips apart, and the orc comes free!
You hit the orc.
You tail-slap the orc, but do no damage.
The orc is almost dead.
The orc hits you with a +1 mace of protection.
* * * LOW HITPOINT WARNING * * *
Throw: throwing net
Press: ? - help, Q - select action, (/) - cycle Shift-Dir - straight line, f/p - orc
Aim: an orc, wielding a +1 mace of protection (almost dead, 59% to hit)
You throw a throwing net. The throwing net barely misses the orc.
The orc misses you.
Throw: javelin
Press: ? - help, Q - select action, (/) - cycle Shift-Dir - straight line, f/p - orc
Aim: an orc, wielding a +1 mace of protection (almost dead, 59% to hit)
You throw a javelin.
The javelin pierces through the orc but does no damage.
The orc is almost dead.
The orc hits you with a +1 mace of protection.
* * * LOW HITPOINT WARNING * * *
The orc hits you with a +1 mace of protection.
You die...

#.###.#.#...####.....#####
#.#...#.#.#.####....#....#
#.#.###.#.#......##...#.##
###.......#+##.########)....
#..........(..............#.
#..............#......#####.
####..............+.......# ##
##.............o..##.......# #
#.............)@..##.......#
#.8.....8.........##....)..#
#...).............##.......#####
#.....>..........###....).....#.
#................# #.......##.#.
#................# #........#.#.
#................# #...†..###.#.
#.8.....8........# #######.)..#.
#.....o....#...### #.#####


You could see an orc.

Vanquished Creatures
  An orc priest (D:2)
  An orc wizard (D:1)
  An adder (D:2)
  3 orcs
  3 bats
  5 endoplasms
  4 giant cockroaches
  6 goblins
  4 hobgoblins
  2 jackals (D:1)
  3 quokkas
  5 ball pythons
  2 frilled lizards
  4 kobolds
  3 rats
47 creatures vanquished.

Notes
Turn   | Place    | Note
-------+----------+-------------------------------------------
     0 | D:1      | Newt the Demonspawn Gladiator began the quest for the Orb.
     0 | D:1      | Reached XP level 1. HP: 16/16 MP: 1/1
    47 | D:1      | Reached skill level 1 in Stealth
   132 | D:1      | Gained mutation: Your demonic aura sometimes causes spilled
                  | blood to erupt in flames. [demonic ancestry]
   132 | D:1      | Reached XP level 2. HP: 22/22 MP: 2/2
   380 | D:1      | Found a faded altar of an unknown god.
   691 | D:1      | Prayed at the altar of an unknown god.
   691 | D:1      | Became a worshipper of Lugonu the Unformed
   691 | D:1      | Reached * piety under Lugonu
  1050 | D:2      | Gained mutation: You have a small tail. [demonic ancestry]
  1050 | D:2      | Reached XP level 3. HP: 27/27 MP: 3/3
  1313 | D:2      | Reached XP level 4. HP: 10/34 MP: 4/4
  1491 | D:2      | Identified the +1 leather armour of Dogmatism {-Cast Will++
                  | Str+5}
  1823 | D:1      | Reached ** piety under Lugonu
  1839 | D:2      | Slain by an orc

Illustrated notes

Levels and vault maps discovered:
D:1:      dpeg_arrival_houses_and_road, layout_loops_cross,
          shapermc_ecumenical_altar_gd
D:2:      layout_basic, st_stairs_1, kennysheep_generic_room_8

Skill      XL: |  1  2  3  4 |
---------------+-------------+-----
Stealth        | 1 2 3 |  3.0
Fighting       | 3 |  3.8
Short Blades   | |  2.6
Throwing       | |  1.7
Dodging        | |  2.6

Action                   |  1- 3 |  4- 6 || total
-------------------------+-------+-------++-------
Melee: Rapier            |    93 |    44 ||   137
       Tailslap          |     2 |     4 ||     6
       Punch             |       |     1 ||     1
Throw: Throwing net      |     1 |     2 ||     3
       Javelin           |       |     1 ||     1
  Use: Scroll            |     4 |       ||     4
 Stab: Sleeping          |     6 |       ||     6
       Held in net/web   |     1 |       ||     1
Armor: Leather armour    |    30 |    13 ||    43
Dodge: Dodged            |    71 |    45 ||   116

Table legend: (Time is in decaauts)
 A = Elapsed time spent in this place.
 B = Non-inter-level travel time spent in this place.
 C = Inter-level travel time spent in this place.
 D = Time resting spent in this place.
 E = Time spent auto-exploring this place.
 F = Levels seen in this place.
 G = Mean time per level.
                   A        B        C        D        E       F      G
               +--------+--------+--------+--------+--------+-----+--------+
         Total |   1848 |   1752 |     96 |    159 |   1227 |   2 |  924.0 |
       Dungeon |   1848 |   1752 |     96 |    159 |   1227 |   2 |  924.0 |
               +--------+--------+--------+--------+--------+-----+--------+

Top non-repeatable levels by time:
     D:1: 1055 daAuts
     D:2: 792 daAuts
